Unix NetHack Version 5.0.0-0 post-release - last build Jun 10 2026 00:39:30 (3ee93aec679c4c4259841fe613dc97188e26a321,branch:main).

Game began 2026-06-22 07:49:32, ended 2026-06-22 08:14:13.

LDaviesPeters, neutral female human Archeologist

                                                        -----     -------
                                                        ....|     |..%!!|
                                                        |...|    #-..%.%|
                                                        -..<|    #|.%..%|
                                                        |..).#   #|.....|
                                                        -----#   #-------
                                                             #   ##
                                                             a    ###
                                                             @      #
                                                             :      #
                                                            ##      #
                                                          # #-------#
                                                           ##|.>...|#
                                                            #|.....|#
                                                            #......|#
                                                             |[....-#
                                                             -------

LDaviesPeters the Field Worker  St:15 Dx:10 Co:13 In:17 Wi:14 Ch:11  Neutral
Dlvl:5  $:7  HP:0(32) Pw:22(22) AC:6  Xp:4 T:2608 

Latest messages:
 The giant ant bites!
 You lash the giant ant.
 The giant ant bites!
 The giant ant bites!
 You kill the giant ant!
 The giant ant bites!
 The giant ant bites!
 You don't have anything to zap.
 You miss the giant ant.
 The giant ant bites!
 The giant ant bites!
 Are you sure you want to pray? [yn] (n) y
 You begin praying to Camaxtli.
 You are surrounded by a shimmering light.
 The giant ant starts to attack you, but pulls back.
 The giant ant starts to attack you, but pulls back.
 The giant ant starts to attack you, but pulls back.
 You hear someone cursing shoplifters.
 The giant ant starts to attack you, but pulls back.
 You finish your prayer.
 You feel that Camaxtli is well-pleased.
 You feel much better.
 You lash the giant ant.
 The giant ant bites!
 The giant ant bites!
 You miss the giant ant.
 The giant ant bites!
 You miss the giant ant.
 The newt misses!
 The giant ant bites!
 The giant ant bites!
 You lash the giant ant.
 The newt bites!
 The giant ant bites!
 You miss the giant ant.
 The newt bites!
 The giant ant bites!
 The giant ant bites!
 You lash the giant ant.
 The newt bites!
 The giant ant bites!
 You miss the giant ant.
 The newt bites!
 The giant ant bites!
 You die...
 Do you want your possessions identified? [ynq] (y) y
 Do you want to see your attributes? [ynq] (y) y
 Do you want an account of creatures vanquished? [ynaq] (y) n
 Do you want to see your conduct and achievements? [ynq] (y) y
 Do you want to see the dungeon overview? [ynq] (y) n

Inventory:
 Coins    ('$')
  $ - 7 gold pieces
 Weapons  (')')
  y - 4 +0 arrows (in quiver)
  C - 6 +0 darts
  a - a +2 bullwhip (weapon in right hand)
 Armor    ('[')
  c - an uncursed +0 fedora (being worn)
  o - an uncursed +1 pair of iron shoes (being worn)
  h - an uncursed +0 leather jacket (being worn)
 Comestibles  ('%')
  d - 9 uncursed food rations
  A - 3 uncursed fortune cookies
 Scrolls  ('?')
  B - an uncursed scroll of teleportation
 Potions  ('!')
  E - an uncursed potion of water
 Rings    ('=')
  v - an uncursed ring of poison resistance (on left hand)
 Tools    ('(')
  b - an uncursed sack containing 13 items
  k - an uncursed lock pick
  f - a tinning kit (0:52)
 Gems/Stones  ('*')
  g - an uncursed touchstone

Contents of the sack:
  65 gold pieces
  an uncursed scroll of confuse monster
  an uncursed scroll of enchant armor
  an uncursed scroll of food detection
  a cursed scroll of gold detection
  an uncursed scroll of magic mapping
  an uncursed potion of booze
  an uncursed potion of enlightenment
  an uncursed potion of healing
  2 cursed potions of healing
  an uncursed potion of restore ability
  an uncursed potion of speed
  a +0 pick-axe

LDaviesPeters the Archeologist's attributes:

Background:
 You were a Field Worker, a level 4 female human Archeologist.
 You were neutral, on a mission for Camaxtli
 who was opposed by Quetzalcoatl (lawful) and Huhetotl (chaotic).
 You were right-handed.
 You were in the Dungeons of Doom, on level 5.
 You entered the dungeon 2608 turns ago.
 You had 143 experience points, 17 more were needed to attain level 5.

Basics:
 You had 0 out of 32 hit points.
 You had all 22 energy points (spell power).
 Your armor class was 6.
 Your wallet contained 7 zorkmids, and
 you had 65 more stashed away in your pack.
 Autopickup was off.

Final Characteristics:
 Your strength was 15 (limit:18/100).
 Your dexterity was 10 (limit:18).
 Your constitution was 13 (limit:18).
 Your intelligence was 17 (limit:18).
 Your wisdom was 14 (limit:18).
 Your charisma was 11 (limit:18).

Final Status:
 You weren't hungry.
 You were unencumbered.
 You were wielding a whip.
 You had basic skill with whip and could have enhanced that.

Final Attributes:
 You were piously aligned.
 You were poison resistant.
 You were telepathic.
 You had automatic searching.
 You were lucky.
 You are dead.

Miscellaneous:
 You encountered 1 bones level.
 Total elapsed playing time was 24 minutes and 40 seconds.

Major events:
 Turn
    1: LDaviesPeters the neutral female human Archeologist entered the dungeon
  988: entered the Gnomish Mines
  990: attained the rank of Field Worker (level 3)
 2608: killed by a giant ant

You didn't know any spells.

Skills:
 Fighting Skills
   bare handed combat [Unskilled]
   two weapon combat  [Unskilled]
   riding             [Unskilled]
 Weapon Skills
   dagger             [Unskilled]
   knife              [Unskilled]
   pick-axe           [Basic]
   short sword        [Unskilled]
   saber              [Unskilled]
   club               [Unskilled]
   quarterstaff       [Unskilled]
   sling              [Unskilled]
   dart               [Unskilled]
   boomerang          [Unskilled]
   whip               [Basic]
   unicorn horn       [Unskilled]
 Spellcasting Skills
   attack spells      [Unskilled]
   healing spells     [Unskilled]
   divination spells  [Unskilled]
   matter spells      [Unskilled]

Voluntary challenges:
 Character rerolling was not enabled.
 You never genocided any monsters.
 You never polymorphed an object.
 You never changed form.
 You used no wishes.
Achievements:
 You entered the Gnomish Mines.
 You attained the rank of Field Worker.
 You entered a shop.

 The Dungeons of Doom: levels 1 to 6
    Level 1:
       An altar.
    Level 2:
    Level 3:
       Stairs down to The Gnomish Mines.
    Level 4:
       Some fountains.
    Level 5: <- You were here.
       A food shop.
       Final resting place for
          you, killed by a giant ant.
    Level 6:
       Final resting place for
          felix2-Wiz-Gno-Mal-Neu, killed by a giant ant.
 The Gnomish Mines:
    Level 4:


Vanquished creatures:
  a shrieker
  a giant ant
  a floating eye
  2 dwarves
  a centipede
 an orc zombie
  a dwarf zombie
 an iguana
 an acid blob
  4 coyotes
  4 manes
  a giant rat
  a red mold
  2 gnomes
  a gecko
  2 jackals
  a kobold
  5 sewer rats
  5 grid bugs
  6 lichens
  7 newts
49 creatures vanquished.

No species were genocided or became extinct.

Game over:
                       ----------
                      /          \
                     /    REST    \
                    /      IN      \
                   /     PEACE      \
                  /                  \
                  |  LDaviesPeters   |
                  |      72 Au       |
                  |   killed by a    |
                  |    giant ant     |
                  |                  |
                  |                  |
                  |       2026       |
                 *|     *  *  *      | *
        _________)/\\_//(\/(/\)/\//\/|_)_______

Goodbye LDaviesPeters the Archeologist...

You died in The Dungeons of Doom on dungeon level 5 with 887 points,
and 72 pieces of gold, after 2608 moves.
You were level 4 with a maximum of 32 hit points when you died.

